AoeStats
← 扒皮狗

Nomad

507958895Analyzed
3v3 RM · 13d ago on Sep 20, 2026· 46m 52s· 6 players
Game mode
Random Map
Map size
210×210
Population
200
Speed
Normal
Resources
Standard
Victory
Conquest
Starting age
Dark Age
Ending age
Imperial Age
RankedLock teamsTeams togetherTeam positionsShared explorationLock speedFull tech treeHidden civsTurbo modeCheats
Victory
Defeat
🇨🇳 Wu · China
1525
+11
🇭🇰 Spanish · Hong Kong SAR China
1477
+13
🇨🇳 Magyars · China
1466
+13
🇨🇳 Japanese · China
1511
-16
🇨🇳 Georgians · China
1469
-15
🇨🇳 Mongols · China
1223
-6
神明
3:35 Loom
14:20 Feudal Age
15:29 Double-Bit Axe
18:19 Castle Age
16:24 Horse Collar
17:25 Double-Bit Axe
28:14 Scale Barding Armor
32:54 Heavy Plow
33:22 Bow Saw
36:22 Imperial Age
33:55 Gold Mining
35:00 Wheelbarrow
34:10 Town Watch
34:51 Husbandry
35:24 Bloodlines
37:46 Forging
38:23 Conscription
40:40 Hand Cart
41:27 Chain Barding Armor
41:42 Iron Casting
扒皮狗
3:12 Loom
16:26 Feudal Age
19:34 Horse Collar
22:52 Castle Age
21:00 Double-Bit Axe
21:33 Stone Mining
25:16 Wheelbarrow
24:55 Bow Saw
24:52 Heavy Plow
27:39 Gold Mining
31:19 Hand Cart
34:08 Gold Shaft Mining
34:15 Stone Shaft Mining
37:27 Imperial Age
35:17 Fletching
35:28 Padded Archer Armor
35:42 Town Watch
36:23 Ballistics
36:00 Bodkin Arrow
36:12 Scale Barding Armor
36:46 Town Patrol
37:14 Nomads
40:05 Chemistry
38:28 Elite Mangudai
39:57 Conscription
41:04 Bracer
41:20 Leather Archer Armor
41:29 Chain Barding Armor
郁离
3:26 Loom
14:11 Feudal Age
17:54 Castle Age
16:09 Scale Mail Armor
16:09 Fishing Lines
16:23 Gold Mining
19:11 Medium Warships
19:27 Chain Mail Armor
27:07 Forging
白色风车
14:08 Feudal Age
18:06 Castle Age
16:30 Fishing Lines
16:51 Double-Bit Axe
19:23 Loom
20:19 Scale Barding Armor
21:48 Gold Mining
24:02 Fletching
30:30 Stone Mining
32:38 Horse Collar
33:14 Gillnets
35:06 Wheelbarrow
34:47 Bow Saw
38:11 Imperial Age
36:09 Bodkin Arrow
36:14 Padded Archer Armor
37:17 Chain Barding Armor
37:21 Heavy Plow
38:01 Hand Cart
39:20 Gold Shaft Mining
38:14 Cavalier
38:55 Husbandry
39:05 Bloodlines
39:54 Coinage
40:34 Plate Barding Armor
39:39 Paladin
40:42 Conscription
42:05 Two-Man Saw
大平果是小菜鸡父亲
5:17 Loom
13:14 Feudal Age
17:13 Castle Age
15:20 Fishing Lines
16:06 Double-Bit Axe
16:37 Town Watch
18:15 Bow Saw
18:19 Horse Collar
21:23 Gillnets
23:07 Padded Archer Armor
25:16 Wheelbarrow
25:15 Leather Archer Armor
30:35 Gold Mining
34:23 Imperial Age
32:50 Husbandry
33:01 Bloodlines
34:31 Ballistics
34:33 Stone Mining
37:20 Two-Man Saw
37:28 Conscription
39:19 Ring Archer Armor
40:03 Chemistry
41:09 Hand Cart
41:52 Elite Conquistador
45:59 Town Patrol
不吃压力
12:14 Feudal Age
13:33 Loom
16:45 Castle Age
14:38 Fishing Lines
15:25 Gold Mining
15:23 Double-Bit Axe
17:42 Medium Warships
17:46 Bow Saw
19:15 Wheelbarrow
19:21 Scale Mail Armor
23:48 Fishing Lines
26:05 Horse Collar
27:03 Fletching
28:15 Fervor
28:19 Bodkin Arrow
29:03 Gillnets
30:42 Red Cliffs Tactics
34:46 Imperial Age
35:37 Bracer
35:50 Stone Mining
37:10 Conscription
36:10 Elite Fire Archer
37:45 Hand Cart
37:38 Town Watch
37:57 Sitting Tiger
38:17 Padded Archer Armor
39:13 Scale Barding Armor
39:25 Leather Archer Armor
40:18 Gold Shaft Mining
40:18 Stone Shaft Mining
39:46 Heavy Plow
40:47 Two-Man Saw
40:26 Bloodlines
40:16 Husbandry
40:38 Chain Barding Armor
40:29 Forging
40:25 Light Cavalry
41:34 Ballistics
42:15 Chemistry
41:00 Hussar
45:36 Plate Barding Armor
45:37 Iron Casting
48:09 Blast Furnace
Connection lost

Rejoining the realm…

Still unreachable

The connection could not be restored.

Session expired

The server has moved on; the page needs a fresh start.